 Dungeon Crawl Stone Soup version 0.19-a0-1675-gc11f27c (webtiles) character file.

5572 Magifyre the Brawler (level 10, -5/88 HPs)
             Began as a Troll Monk on Sept 23, 2016.
             Was an Elder of Makhleb.
             Hit by a large rock thrown by a cyclops (20 damage)
             ... on level 9 of the Dungeon.
             The game lasted 00:30:49 (6472 turns).

Magifyre the Brawler (Troll Monk)                   Turns: 6472, Time: 00:30:50

Health: -5/88      AC:  7    Str: 24    XL:     10   Next: 44%
Magic:  9/9        EV: 10    Int:  6    God:    Makhleb [****..]
Gold:   385        SH:  5    Dex: 15    Spells: 1 memorised, 8 levels left

rFire  . . .     SeeInvis +       - Unarmed
rCold  . . .     Gourm    +     P - troll hide
rNeg   . . .     Faith    .     (no shield)
rPois  .         Spirit   .     (helmet restricted)
rElec  +         Dismiss  .     w - +1 cloak
rCorr  .         Reflect  +     (gloves unavailable)
MR     .....     Harm     .     (boots unavailable)
Stlth  ++........               o - +5 amulet of reflection
                                m - +3 ring of dexterity
                                D - ring of see invisible

@: no status effects
A: unfitting armour, claws 3, camouflage 1, fast metabolism 3, gourmand,
regeneration 1, shaggy fur 1, electricity resistance, tough skin 2
a: Minor Destruction, Lesser Servant of Makhleb, Major Destruction, Renounce
Religion


You were on level 9 of the Dungeon.
You worshipped Makhleb.
Makhleb was greatly pleased with you.
You were completely stuffed.

You visited 2 branches of the dungeon, and saw 10 of its levels.

You collected 385 gold pieces.

Inventory:

Hand Weapons
 n - a +1 hunting sling
Missiles
 g - 298 stones
 h - 5 tomahawks (quivered)
 i - 51 poisoned needles
 l - 80 sling bullets
Armour
 w - a +1 cloak (worn)
 P - a troll hide (worn)
Jewellery
 m - a +3 ring of dexterity (right claw)
 o - a +5 amulet of reflection (around neck)
 D - a ring of see invisible (left claw)
 H - an uncursed ring of flight
 K - an uncursed amulet of magic regeneration
Wands
 a - a wand of paralysis (16/24)
 u - a wand of polymorph (18/24)
 y - a wand of paralysis (8/24)
 B - a wand of flame (10/48)
 F - a wand of flame (17/48)
 L - a wand of flame (37/48)
Scrolls
 p - a scroll of enchant weapon
 s - a scroll of recharging
 v - 2 scrolls of magic mapping {unknown}
 x - 4 scrolls of teleportation
 E - 6 scrolls of fog {unknown}
 O - 3 scrolls of torment {unknown}
Potions
 c - 5 potions of curing
 d - 2 potions of magic
 e - 2 potions of cancellation
 j - 5 potions of flight
 t - a potion of cure mutation
 z - a potion of degeneration {unknown}
 A - a potion of brilliance {unknown}
 N - a potion of heal wounds
Books
 C - a Grand Grimoire

   Spells                             Type                      Level
   a - Monstrous Menagerie            Summoning                    7
   b - Summon Greater Demon           Summoning                    7
   c - Malign Gateway                 Summoning/Translocation      7
   d - Summon Horrible Things         Summoning                    8
 G - Sif Muna's Handbook of Beguiling
   (You found it on level 5 of the Dungeon)

   Spells                             Type                      Level
   a - Confusing Touch                Hexes                        1
 I - a book of Misfortune

   Spells                             Type                      Level
   a - Confusing Touch                Hexes                        1
   b - Confuse                        Hexes                        3
   c - Gell's Gravitas                Hexes/Translocation          3
   d - Petrify                        Transmutation/Earth          4
   e - Metabolic Englaciation         Hexes/Ice                    5
   f - Yara's Violent Unravelling     Hexes/Transmutation          5
Comestibles
 b - 7 bread rations
 f - 2 beef jerkies
 k - 10 meat rations
 J - a royal jelly
 M - 13 chunks of flesh


   Skills:
 - Level 2.4 Fighting
 - Level 2.4 Dodging
 - Level 1.1 Stealth
 + Level 15.1 Unarmed Combat


You had 8 spell levels left.
You knew the following spells:

 Your Spells              Type           Power        Failure   Level  Hunger
a - Confusing Touch       Hex            #.....       61%         1    ##.....


Dungeon Overview and Level Annotations

Branches:
Dungeon (9/15)             Temple (1/1) D:4
   Lair: D:8-11         Orc: D:9-12

Altars:
Ashenzari
Cheibriados
Dithmenos
Elyvilon
Fedhas
Gozag
Hepliaklqana
Kikubaaqudgha
Makhleb
Nemelex Xobeh
Okawaru
Qazlal
Ru
Sif Muna
Trog
Uskayaw
Vehumet
Xom
Yredelemnul
Zin

Shops:
D:4 %   D:7 *


Innate Abilities, Weirdness & Mutations

You are too large for most types of armour.
You have claws for hands.
Your metabolism is lightning-fast.
You like to eat raw meat.
Your natural rate of healing is unusually fast.
You are covered in fur. (AC +1)
You have very tough skin. (AC +2)
Your skin changes colour to match your surroundings (Stealth+).
You are resistant to electric shocks. (rElec)


Message History

You become entangled in the net!
You see here a throwing net.
You struggle against the net.
You struggle against the net.
You struggle against the net.
You shred the net and break free!
The hill giant hits you with a giant spiked club!!
You barely miss the hill giant.
The cyclops shouts!
You claw the hill giant! Your claw misses the hill giant.
The hill giant is lightly wounded.
You block the hill giant's attack.
The hill giant hits you with a giant spiked club!!
The cyclops throws a large rock.
The large rock hits you!
You see here a large rock.
The cyclops throws a large rock.
The large rock hits you!
* * * LOW HITPOINT WARNING * * *
You see here a large rock.
The cyclops throws a large rock.
The large rock hits you!!
You die...

..#..................
#.#..>.....C.........
#.............. ....
##...........###..#
###....#.##......#
..........÷......#
...##.##..###(...#
...##....## ##C.##########
.#.......####..(@.##.....##
.................<........##
.........##................#
...##....##..........†.....#
.#..#....##................#
.##......##................#
[####..).##................#
....#....#...[.............#
..#....###................##


You could see a hill giant and a cyclops.

Vanquished Creatures
  Pikel (D:7)
  Joseph (D:8)
  A troll (D:9)
  2 hippogriffs
  2 humans (D:8)
  2 yaks
  2 wyverns (D:8)
  A steam dragon (D:7)
  A hungry ghost (D:8)
  Menkaure (D:5)
  2 sky beasts (D:6)
  3 ice beasts
  A black bear (D:7)
  An orc warrior (D:8)
  A slave (D:7)
  2 phantoms
  3 centaurs
  2 ogres
  2 bullfrogs
  6 scorpions
  4 wights (D:7)
  4 howler monkeys
  5 crimson imps
  2 orc priests
  2 jellies (D:6)
  6 hounds
  4 orc wizards
  Natasha (twice) (D:2)
  5 worker ants
  Robin (D:2)
  16 adders
  7 gnolls
  A shadow imp (D:5)
  An ooze (D:1)
  3 worms
  2 dart slugs
  3 leopard geckos (D:3)
  13 orcs
  2 ball pythons
  8 giant cockroaches
  17 goblins
  9 hobgoblins
  4 jackals (D:3)
  11 kobolds
  A quokka (D:5)
  5 bats
  4 frilled lizards
  2 jackal skeletons
  A quokka skeleton (D:5)
  4 rats
186 creatures vanquished.

Vanquished Creatures (others)
  A slave (D:7)
1 creature vanquished.

Grand Total: 187 creatures vanquished

Notes
Turn   | Place    | Note
-------+----------+-------------------------------------------
     0 | D:1      | Magifyre the Troll Monk began the quest for the Orb.
     0 | D:1      | Reached XP level 1. HP: 22/22 MP: 0/0
   175 | D:1      | Reached XP level 2. HP: 29/29 MP: 1/1
   443 | D:1      | Reached skill level 4 in Unarmed Combat
   811 | D:2      | Reached XP level 3. HP: 35/36 MP: 2/2
   899 | D:2      | Noticed Natasha
   905 | D:2      | Killed Natasha
   906 | D:2      | Noticed Natasha
   912 | D:2      | Killed Natasha
   912 | D:2      | Reached skill level 5 in Unarmed Combat
   912 | D:2      | Reached XP level 4. HP: 31/44 MP: 3/3
   923 | D:2      | Noticed Robin
   975 | D:2      | Killed Robin
  1139 | D:2      | Found a stormy altar of Qazlal.
  1208 | D:2      | Found a blossoming altar of Fedhas.
  1208 | D:2      | Found a glowing silver altar of Zin.
  1208 | D:2      | Found a stormy altar of Qazlal.
  1514 | D:3      | Reached XP level 5. HP: 35/50 MP: 4/4
  1599 | D:3      | Found a sparkling altar of Nemelex Xobeh.
  1645 | D:3      | Reached skill level 6 in Unarmed Combat
  2186 | D:3      | Reached XP level 6. HP: 57/59 MP: 5/5
  2262 | D:4      | Found a staircase to the Ecumenical Temple.
  2268 | Temple   | Entered the Ecumenical Temple
  2393 | Temple   | Became a worshipper of Makhleb the Destroyer
  2393 | Temple   | Reached * piety under Makhleb
  2393 | Temple   | Reached ** piety under Makhleb
  2500 | D:4      | Reached skill level 7 in Unarmed Combat
  2523 | D:4      | Found Uxoesh's Food Shop.
  2620 | D:4      | You fall through a shaft!
  2620 | D:5      | Entered Level 5 of the Dungeon
  2633 | D:5      | Reached skill level 8 in Unarmed Combat
  2633 | D:5      | Reached XP level 7. HP: 66/66 MP: 6/6
  2646 | D:5      | Found a sacrificial altar of Ru.
  2833 | D:6      | Gained mutation: Your mind is acute. (Int +2) [mutagenic meat]
  2836 | D:6      | Lost mutation: Your mind is acute. (Int +2) [mutagenic meat]
  2839 | D:6      | Gained mutation: Your magical capacity is low. (-10% MP) [mutagenic meat]
  2842 | D:6      | Gained mutation: You are somewhat resistant to further mutation. [mutagenic meat]
  3000 | D:6      | Found a basalt altar of Yredelemnul.
  3033 | D:6      | Reached skill level 9 in Unarmed Combat
  3138 | D:6      | Reached XP level 8. HP: 74/74 MP: 6/6
  3207 | D:6      | Reached skill level 10 in Unarmed Combat
  3214 | D:6      | Gained mutation: Your skin changes colour to match your surroundings (Stealth+). [mutagenic meat]
  3220 | D:6      | Gained mutation: Your spells are a little easier to cast, but a little less powerful. [mutagenic meat]
  3226 | D:6      | Gained mutation: You are resistant to electric shocks. (rElec) [mutagenic meat]
  3420 | D:5      | Noticed Menkaure
  3430 | D:5      | Killed Menkaure
  3430 | D:5      | Reached skill level 11 in Unarmed Combat
  3436 | D:5      | Reached *** piety under Makhleb
  4194 | D:5      | Found an ancient bone altar of Kikubaaqudgha.
  4205 | D:5      | Found a deep blue altar of Sif Muna.
  4207 | D:5      | Found a radiant altar of Vehumet.
  4214 | D:5      | Identified Sif Muna's Handbook of Beguiling
  4283 | D:5      | Learned a level 1 spell: Confusing Touch
  4805 | D:7      | Found Zat Fant's Assorted Antiques.
  4815 | D:7      | Reached skill level 12 in Unarmed Combat
  4815 | D:7      | Reached XP level 9. HP: 80/80 MP: 7/7
  4890 | D:7      | Noticed Pikel
  4904 | D:7      | Killed Pikel
  5190 | D:7      | Reached skill level 13 in Unarmed Combat
  5671 | D:8      | Found an iron altar of Okawaru.
  5713 | D:8      | Noticed Joseph
  5725 | D:8      | Killed Joseph
  5725 | D:8      | Reached skill level 14 in Unarmed Combat
  5725 | D:8      | Reached XP level 10. HP: 88/88 MP: 6/8
  5836 | D:8      | Lost mutation: Your magical capacity is low. (-10% MP) [potion of cure mutation]
  5836 | D:8      | Lost mutation: You are somewhat resistant to further mutation. [potion of cure mutation]
  5836 | D:8      | Lost mutation: Your spells are a little easier to cast, but a little less powerful. [potion of cure mutation]
  5897 | D:8      | Found a shattered altar of Ashenzari.
  5958 | D:8      | Reached **** piety under Makhleb
  6219 | D:9      | Noticed a hill giant
  6219 | D:9      | Noticed a cyclops
  6415 | D:9      | Reached skill level 15 in Unarmed Combat
  6472 | D:9      | Hit by a large rock thrown by a cyclops

Vault maps used:
D:1:      enne_arrival_octagon_isle
D:2:      grunt_temple_overflow_open, nicolae_qazlal_general_emergency,
          uniq_natasha, uniq_robin
D:3:      lemuel_coloured_pillars_altar, hex_large
D:4:      serial_shops, kennysheep_mini_moat
D:5:      grunt_temple_overflow_magic_moments, nicolae_ru_awakened_eye,
          first_bread, uniq_menkaure
D:6:      kennysheep_mini, minmay_misc_feat_x, due_unseen_surprise
D:7:      serial_shops, shop_fountains, kennysheep_generic_room_14, uniq_pikel
D:8:      cheibrodos_ashenzari_chains, okawaru_humans, uniq_joseph
D:9:      nicolae_tso_swordbearing_angel, kennysheep_windowed_goal
Temple:   nicolae_temple_figure_zero

Skill      XL: |  1  2  3  4  5  6  7  8  9 10 |
---------------+-------------------------------+-----
Unarmed Combat | 4 5 6 8 9 12 14 15 | 15.1
Fighting       | |  2.4
Dodging        | |  2.4
Stealth        | |  1.1

Action                   |  1- 3 |  4- 6 |  7- 9 | 10-12 || total
-------------------------+-------+-------+-------+-------++-------
Melee: Unarmed           |    57 |   152 |   194 |    71 ||   474
       Punch             |       |     2 |     6 |     2 ||    10
 Fire: Hunting sling     |       |       |       |     2 ||     2
Throw: Tomahawk          |       |       |       |     1 ||     1
  Use: Scroll            |       |       |     8 |     3 ||    11
       Potion            |       |       |       |     1 ||     1
 Stab: Sleeping          |     4 |     2 |     7 |     2 ||    15
       Distracted        |       |       |     2 |       ||     2
  Eat: Chunk             |    11 |    18 |    38 |    13 ||    80
Armor: Robe              |    13 |    70 |    26 |       ||   109
       Steam dragon hide |       |       |    19 |     6 ||    25
Dodge: Dodged            |    18 |    77 |    76 |    22 ||   193
Block: Other             |       |       |     3 |    10 ||    13
       Reflection        |       |       |       |     1 ||     1
